Map: King's Cove LE

Players

Parkkatz - Winner!

  • Race: Zerg Zerg
  • League: Platinum
  • Spawn Location: 5:00

VOD

Have the link to the VOD?

Description

Time

  • Played on: July 1, 2019, 9:32 p.m.
  • Length: 18:32
Show
View Real Time Build Order
Export as new Build Order

Parkkatz Zerg - Winner!

Build Orders:  

Get SALT Encoding   

  12  0:02  Drone  
  13  0:18  Overlord  
  13  0:26  Drone  
  14  0:46  Drone x2  
  14  0:49  Drone  
  17  1:20  Hatchery, Drone  
  17  1:25  Drone  
  18  1:45  Spawning Pool  
  17  1:51  Extractor  
  17  1:53  Drone  
  17  1:56  Drone  
  18  2:05  Drone  
  19  2:20  Overlord  
  19  2:46  Drone  
  20  2:55  Queen  
  22  3:01  Queen  
  22  3:02  Zergling x4  
  26  3:10  Drone  
  27  3:20  Drone x2  
  29  3:32  Zergling x2  
  30  3:47  Queen  
  32  3:50  Overlord  
  32  4:05  Metabolic Boost  
  32  4:15  Drone x2, Queen  
  32  4:17  Overlord  
  33  5:02  Drone x2  
  33  5:03  Drone x4  
  33  5:04  Drone  
  33  5:05  Zergling x4  
  42  5:16  Overlord  
  42  5:17  Overlord  
  42  5:29  Baneling Nest  
  41  5:35  Zergling x4  
  41  5:36  Zergling x2  
  44  5:49  Drone x2  
  46  5:51  Evolution Chamber  
  46  5:54  Drone x3  
  46  5:55  Drone  
  46  5:58  Extractor  
  48  6:02  Extractor  
  47  6:11  Zergling x4  
  47  6:16  Drone  
  50  6:30  Drone x2  
  50  6:33  Drone x2  
  54  6:41  Drone x2  
  54  6:42  Overlord  
  54  6:44  Zergling x4  
  58  6:57  Zergling x2  
  59  7:02  Zerg Melee Weapons Level 1  
  59  7:12  Zergling x2  
  59  7:13  Zergling x6  
  59  7:17  Baneling x4  
  63  7:29  Hatchery  
  62  7:44  Lair  
  62  7:59  Zergling x8  
  66  8:00  Zergling x4  
  68  8:27  Overlord  
  68  8:28  Overlord x4  
  68  8:29  Overlord  
  68  8:32  Baneling x2  
  68  8:33  Baneling x2  
  68  8:47  Centrifical Hooks  
  68  8:55  Drone  
  68  8:56  Drone x6  
  75  9:14  Queen  
  77  9:24  Zergling x2  
  77  9:25  Zergling x8  
  82  9:34  Drone  
  82  9:35  Drone x5  
  82  9:36  Drone  
  89  10:01  Drone x2  
  89  10:05  Extractor  
  90  10:10  Drone  
  90  10:11  Drone x3  
  90  10:12  Drone  
  90  10:13  Drone x2  
  97  10:24  Hydralisk Den  
  75  11:16  Zergling x2  
  75  11:17  Zergling x22  
  83  11:35  Extractor  
  82  11:51  Overlord x2  
  82  11:52  Drone x3  
  82  11:53  Hatchery  
  82  11:56  Zergling x2  
  85  12:04  Extractor  
  85  12:05  Zerg Ground Armor Level 1  
  85  12:09  Zergling x2  
  85  12:10  Zergling x8  
  85  12:12  Baneling x4  
  85  12:13  Baneling x4  
  85  12:14  Baneling x2, Evolution Chamber  
  85  12:18  Zergling x2  
  85  12:19  Zergling x12  
  95  12:28  Drone  
  96  12:40  Zergling x2  
  96  12:41  Zergling x8  
  96  12:42  Zergling x2  
  94  13:05  Zerg Melee Weapons Level 2  
  94  13:09  Unknown  
  94  13:15  Overlord x2  
  94  13:16  Drone, Overlord  
  94  13:17  Drone x4  
  94  13:18  Drone x2  
  101  13:28  Extractor  
  89  13:42  Queen  
  89  13:44  Drone x2  
  89  13:45  Drone x2  
  90  13:52  Zergling x4  
  90  13:53  Zergling x14, Extractor  
  97  14:01  Zergling x2  
  97  14:02  Zergling x8  
  102  14:16  Zergling x2  
  102  14:17  Zergling x12  
  109  14:27  Drone x3  
  112  14:41  Overlord  
  112  14:42  Overlord x2  
  111  15:08  Hydralisk  
  111  15:09  Hydralisk x13  
  128  15:16  Unknown  
  128  15:23  Infestation Pit  
  124  15:34  Drone x4  
  124  15:35  Drone x2  
  130  15:41  Hydralisk  
  130  15:42  Hydralisk x6  
Tags
 
League
Platinum
Matchup
Co-op
Replay Pack
SC2 replays
Add a new tag
Caveats
  • Supply blocks, unpowered buildings, or Contaminate may cause inaccurate times.
  • Supply counts are checked every 10 seconds.